AoeStats
← KruisControl

Arabia

508332125Analyzed
4v4 RM · 10d ago on Sep 22, 2026· 52m 58s· 8 players
Game mode
Random Map
Map size
Large (8 player)
Population
200
Speed
Normal
Resources
Standard
Victory
Conquest
Starting age
Dark Age
Ending age
Imperial Age
RankedLock teamsTeams togetherTeam positionsShared explorationLock speedFull tech treeHidden civsTurbo modeCheats
Victory
Defeat
🇨🇱 Vietnamese · Chile
938
+18
🇧🇷 Turks · Brazil
918
+19
🇵🇪 Khmer · Peru
914
+19
🇺🇸 Hindustanis · United States
870
+21
🇺🇸 Byzantines · United States
1066
-23
🇺🇸 Vietnamese · United States
1061
-23
🇺🇸 Magyars · United States
1029
-21
🇺🇸 Franks · United States
749
-10
conflux
6:23 Loom
11:23 Feudal Age
11:56 Double-Bit Axe
12:34 Horse Collar
18:21 Castle Age
18:22 Stone Mining
20:04 Fletching
22:28 Gold Mining
23:07 Grand Trunk Road
23:46 Wheelbarrow
23:37 Heavy Plow
23:50 Scale Mail Armor
24:19 Bow Saw
25:16 Forging
29:03 Chain Mail Armor
30:34 Squires
32:52 Iron Casting
32:35 Hand Cart
35:18 Gold Shaft Mining
53:02 Imperial Age
Yo Pe
11:23 Feudal Age
9:58 Loom
15:50 Castle Age
14:54 Town Watch
17:49 Double-Bit Axe
17:46 Horse Collar
20:57 Heavy Plow
24:20 Town Patrol
24:55 Wheelbarrow
28:16 Stone Mining
29:48 Hand Cart
30:16 Bow Saw
30:47 Stone Shaft Mining
30:45 Light Cavalry
31:36 Bloodlines
33:06 Gold Mining
33:45 Husbandry
34:09 Caravan
35:05 Gold Shaft Mining
40:04 Imperial Age
39:11 Ballistics
38:41 Heated Shot
38:47 Murder Holes
39:02 Fortified Wall
38:43 Guard Tower
39:03 Masonry
39:01 Scale Barding Armor
39:08 Forging
38:48 Fletching
40:51 Double Crossbow
41:15 Conscription
40:25 Sappers
42:11 Chain Barding Armor
42:26 Iron Casting
41:47 Bodkin Arrow
41:59 Siege Engineers
42:55 Chemistry
41:19 Hussar
41:48 Heavy Scorpion
44:01 Plate Barding Armor
44:00 Architecture
44:06 Keep
45:14 Blast Furnace
45:06 Bracer
45:07 Scale Mail Armor
45:07 Padded Archer Armor
46:07 Hoardings
48:54 Elite Ballista Elephant
49:36 Tusk Swords
Battousai_Mc
12:06 Feudal Age
15:35 Double-Bit Axe
16:32 Horse Collar
16:49 Gold Mining
19:12 Loom
26:56 Castle Age
26:20 Forging
26:11 Scale Mail Armor
26:24 Arson
28:47 Iron Casting
28:31 Chain Mail Armor
29:30 Heavy Plow
38:41 Arson
38:57 Squires
41:14 Wheelbarrow
41:31 Bow Saw
45:11 Imperial Age
42:27 Town Watch
42:58 Hand Cart
44:29 Fletching
44:39 Padded Archer Armor
44:15 Elite Skirmisher
45:11 Bodkin Arrow
45:36 Imperial Skirmisher
48:42 Ballistics
49:23 Chemistry
48:41 Leather Archer Armor
52:14 Plate Mail Armor
STANLEY8392
0:38 Loom
10:41 Feudal Age
11:17 Double-Bit Axe
11:16 Horse Collar
15:02 Wheelbarrow
20:34 Castle Age
19:17 Gold Mining
20:10 Stone Mining
24:11 Forging
24:07 Scale Barding Armor
24:34 Padded Archer Armor
26:00 Bow Saw
26:32 Scale Mail Armor
27:40 Leather Archer Armor
29:23 Hand Cart
30:47 Chain Barding Armor
31:16 Heavy Plow
35:18 Iron Casting
36:06 Chain Mail Armor
40:25 Imperial Age
41:47 Plate Barding Armor
41:43 Ring Archer Armor
40:44 Heavy Camel Rider
42:36 Plate Mail Armor
43:42 Two-Man Saw
43:46 Blast Furnace
43:19 Fletching
AmateurHour
5:31 Loom
10:26 Feudal Age
11:06 Double-Bit Axe
11:08 Horse Collar
12:24 Wheelbarrow
16:09 Fletching
22:52 Castle Age
23:13 Gold Mining
24:08 Hand Cart
23:57 Bodkin Arrow
23:37 Crossbowman
25:09 Bow Saw
28:14 Ballistics
28:03 Heavy Plow
30:03 Stone Mining
41:46 Imperial Age
42:23 Pikeman
43:03 Squires
43:04 Scale Mail Armor
43:14 Forging
48:09 Chain Mail Armor
KruisControl
12:29 Feudal Age
14:32 Double-Bit Axe
15:52 Scale Barding Armor
18:55 Scale Mail Armor
23:32 Castle Age
24:40 Husbandry
25:24 Gold Mining
25:25 Stone Mining
26:01 Chain Barding Armor
25:49 Loom
27:42 Wheelbarrow
30:01 Hand Cart
32:14 Gold Shaft Mining
31:55 Bow Saw
34:02 Town Watch
34:52 Chain Mail Armor
38:46 Imperial Age
36:58 Town Patrol
40:13 Cavalier
43:16 Paladin
43:18 Light Cavalry
44:06 Chivalry
Velt2216
12:21 Feudal Age
11:21 Loom
13:36 Double-Bit Axe
14:03 Bloodlines
15:49 Horse Collar
20:16 Scale Barding Armor
24:18 Castle Age
25:02 Gold Mining
25:14 Heavy Plow
25:27 Bow Saw
25:21 Husbandry
25:42 Chain Barding Armor
28:45 Gold Shaft Mining
28:02 Stone Mining
29:34 Wheelbarrow
30:31 Scale Mail Armor
32:04 Hand Cart
31:35 Town Watch
32:09 Murder Holes
32:27 Masonry
33:21 Town Patrol
32:48 Pikeman
41:27 Light Cavalry
43:27 Corvinian Army
48:46 Imperial Age
47:14 Heated Shot
47:45 Ballistics
47:06 Treadmill Crane
47:47 Chain Mail Armor
47:22 Fletching
47:32 Padded Archer Armor
49:34 Halberdier
50:53 Plate Barding Armor
50:14 Bodkin Arrow
50:34 Leather Archer Armor
49:43 Cavalier
51:10 Paladin
disgruntledDutch
5:52 Loom
12:59 Feudal Age
13:34 Double-Bit Axe
15:45 Horse Collar
22:45 Castle Age
20:42 Gold Mining
22:12 Stone Mining
23:01 Fletching
23:21 Scale Barding Armor
23:28 Forging
23:57 Bow Saw
23:51 Heavy Plow
23:29 Pikeman
24:31 Husbandry
24:46 Elite Skirmisher
25:46 Fletching
27:07 Chain Barding Armor
28:06 Gold Shaft Mining
30:19 Wheelbarrow
30:11 Thumb Ring
32:26 Hand Cart
34:02 Murder Holes
38:04 Ballistics
37:25 Treadmill Crane
38:25 Crossbowman
41:29 Fletching
41:40 Padded Archer Armor
44:13 Bodkin Arrow
44:34 Leather Archer Armor
50:09 Imperial Age
49:55 Iron Casting
50:40 Cavalier
51:08 Imperial Skirmisher
Connection lost

Rejoining the realm…

Still unreachable

The connection could not be restored.

Session expired

The server has moved on; the page needs a fresh start.